 Dungeon Crawl Stone Soup version 0.21.1-1-g345015fe64 (webtiles) character file.

245923 Gargoyl the Corrupter of Planes (level 19, -12/163 HPs)
             Began as a Centaur Abyssal Knight on June 25, 2018.
             Was the Champion of Lugonu.
             Mangled by a yaktaur captain
             ... wielding a +0 war axe
              (31 damage)
             ... on level 3 of the Vaults.
             The game lasted 01:47:37 (61093 turns).

Gargoyl the Corrupter of Planes (CeAK)             Turns: 61093, Time: 01:47:37

Health: -12/163    AC: 32    Str: 27    XL:     19   Next: 18%
Magic:  31/31      EV: 16    Int: 15    God:    Lugonu [******]
Gold:   3325       SH: 18    Dex: 12    Spells: 18/18 levels left

rFire    . . .     SeeInvis .   A - +9 long sword "Sielofir" {venom, +Inv}
rCold    . . .     Gourm    .   J - +1 shield
rNeg     + . .     Faith    .   F - +1 ring mail "Imnir" {+Inv MR+++ Int+4 Stlth-}
rPois    +         Spirit   .   v - +2 helmet
rElec    .         Reflect  +   Z - scarf {repulsion}
rCorr    .         Harm     .   w - +2 pair of gloves
MR       ++++.                  d - +10 Black Knight's horse barding {ponderous, rPois rN+}
Stlth    ..........             L - amulet "Wokomil" {Reflect Slay+3 SH+5}
HPRegen  0.37/turn              C - +5 ring of strength
MPRegen  0.22/turn              f - +5 ring of evasion

@: lethally poisoned (-12 -> -13), flayed, repel missiles, quick
A: large, hooves 3, deformed body, speed 2, sense surroundings 2, screaming 1,
strong 1, tough skin 3
}: 1/15 runes: gossamer
a: Depart the Abyss, Bend Space, Banish, Corrupt, Enter the Abyss, Brand Weapon
With Distortion, Renounce Religion, Evoke Invisibility


You were on level 3 of the Vaults.
You worshipped Lugonu.
Lugonu was exalted by your worship.
You were hungry.

You visited 6 branches of the dungeon, and saw 31 of its levels.
You visited the Abyss 1 time.
You also visited: Labyrinth, Trove and Sewer.

You collected 5028 gold pieces.
You spent 1703 gold pieces at shops.

Inventory:

Hand Weapons
 a - a +5 hand axe of draining
 b - a +5 falchion of holy wrath
 A - the +9 long sword "Sielofir" (weapon) {venom, +Inv}
   (You found it on level 7 of the Dungeon)

   It poisons the flesh of those it strikes.
   It lets you turn invisible.
 X - a +1 war axe of electrocution
Missiles
 x - 7 silver javelins (quivered)
Armour
 d - the +10 Black Knight's horse barding (worn) {ponderous, rPois rN+}
   (You acquired it on level 2 of the Abyss)

   It protects you from poison.
   It protects you from negative energy.
 v - a +2 helmet (worn)
 w - a +2 pair of gloves (worn)
 F - the +1 ring mail "Imnir" (worn) {+Inv MR+++ Int+4 Stlth-}
   (You found it on level 9 of the Dungeon)

   It affects your intelligence (+4).
   It affects your resistance to hostile enchantments.
   It lets you turn invisible.
   It makes you less stealthy.
 J - a +1 shield (worn)
 Z - a scarf of repulsion (worn)
Jewellery
 f - a +5 ring of evasion (right hand)
 g - an uncursed ring of poison resistance
 s - an uncursed ring of positive energy
 C - a +5 ring of strength (left hand)
 I - an uncursed ring of see invisible
 L - the amulet "Wokomil" (around neck) {Reflect Slay+3 SH+5}
   (You found it in a treasure trove)

   [amulet of reflection]

   It shields you and reflects attacks.
   It affects your accuracy and damage with ranged weapons and melee attacks
   (+3).
   It affects your SH (+5).
 P - an uncursed ring of protection from fire
 V - an uncursed ring of protection from magic
Wands
 m - a wand of disintegration (11)
 K - a wand of clouds (8)
 O - a wand of digging (15)
Scrolls
 j - a scroll of silence
 n - 10 scrolls of remove curse
 p - 5 scrolls of fog
 t - 7 scrolls of blinking
 y - 3 scrolls of fear
 B - 4 scrolls of amnesia
 D - 5 scrolls of teleportation
 G - a scroll of holy word
 N - 2 scrolls of magic mapping
 U - 4 scrolls of identify
Potions
 e - 2 potions of resistance
 i - 6 potions of ambrosia
 k - 3 potions of invisibility
 l - 4 potions of might
 o - 4 potions of flight
 q - a potion of heal wounds
 r - 3 potions of magic
 u - 3 potions of brilliance
 E - 8 potions of agility
 M - 4 potions of curing
 T - 3 potions of haste
Miscellaneous
 R - a lightning rod (4/4)
Comestibles
 c - 47 rations


   Skills:
 + Level 13.1 Fighting
 + Level 14.6 Long Blades
 + Level 9.2 Axes
 * Level 12.4 Armour
 + Level 8.6 Dodging
 - Level 0.3 Stealth
 + Level 9.9 Shields
 * Level 16.5 Invocations
 + Level 1.1 Evocations


You had 18 spell levels left.
You didn't know any spells.

Dungeon Overview and Level Annotations

Branches:
Dungeon (15/15)            Temple (0/1) D:7            Lair (6/6) D:9
 Shoals (0/4) Lair:3       Spider (4/4) Lair:3        Slime (0/5) Lair:5
    Orc (2/2) D:9             Elf (1/3) Orc:2        Vaults (3/5) D:13
  Crypt (0/3) Vaults:2     Depths (0/5) D:15

Altars:
Elyvilon
Gozag
Hepliaklqana
Kikubaaqudgha
Makhleb
Nemelex Xobeh
Qazlal
Trog
Yredelemnul
Zin
The Shining One

Shops:
D:6 =   D:9 :   Orc:2 =}(([(=*

Annotations:
Lair:4 exclusion: 4 oklob plants
Abyss:1 Agnes


Innate Abilities, Weirdness & Mutations

You have hooves in place of feet.
Armour fits poorly on your strangely shaped body.
You cover ground very quickly.
You have extremely tough skin. (AC +3)
You passively map the area around you.
You occasionally shout uncontrollably at your foes.
Your muscles are strong. (Str +2)


Message History

You block the two-headed ogre's attack. x2
The ironbrand convoker casts a spell at the yaktaur captain.
The yaktaur captain seems to grow stronger.
The yaktaur captain hits you with an uncursed war axe!!
* * * LOW HITPOINT WARNING * * *
You hear some strange, mumbled words.
A stone arrow appears from out of thin air!
The stone arrow is repelled.
You miss the flayed ghost. Your kick misses the flayed ghost.
The flayed ghost is severely damaged.
The flayed ghost hits you but does no damage.
Unknown command.
You slash the flayed ghost! You kick the flayed ghost!
The flayed ghost is almost destroyed.
Something hits you but does no damage.
You are poisoned.
You block the two-headed ogre's attack.
The two-headed ogre hits you but does no damage.
The yaktaur captain hits you with an uncursed war axe!!
You die... *,, * , * ,, , * ..... , , * * cOO. , , , Ocu, * , cuc,

* * *, *,, #e#
*,* , ##u## *
##W{O## ,* * *
,##.c@..##, , ,
, #...)...#* *
..#####(..#####
,*
.....c#..(#...(
*#######...#####
* #######p###
#...:...#
#...^.^.# * *
#.....^.#
#########


You could see a yaktaur captain, 3 ugly things, a flayed ghost, 2 two-headed
ogres, an ogre mage, a deep elf archer, an ironbrand convoker, 4 yaktaurs and an
ogre.

Vanquished Creatures
  Arachne (Spider:3)
  Frances (Lair:3)
  Kirke (D:14)
  4 ghost moths
  6 vault wardens
  An orc warlord (Orc:1)
  5 emperor scorpions
  2 very ugly things (Vaults:2)
  The ghost of Jyngge the Severer, a journeyman MiFi of the Shining One (D:14)
  6 ironheart preservers
  A stone giant (Vaults:2)
  3 entropy weavers
  Nessos (Orc:2)
  3 dire elephants
  2 spark wasps (Spider:3)
  The ghost of KrisztiCat the Severer, a journeyman DDFi of Makhleb (D:13)
  2 ettins
  A minotaur (Lab)
  A fire dragon (D:14)
  Erolcha (D:9)
  An ice dragon (Vaults:2)
  A hydra (D:13)
  A great orb of eyes (Vaults:3)
  A yaktaur captain (D:15)
  10 centaur warriors
  The ghost of raetorn the Cleaver, a journeyman VSBe of Trog (D:11)
  2 death knights
  4 vault guards
  A catoblepas (Lair:6)
  30 two-headed ogres
  7 ogre magi
  10 death yaks
  A vampire mage (D:14)
  A tengu warrior (D:15)
  A deep troll earth mage (Vaults:2)
  A deep troll shaman (Vaults:2)
  A titan zombie (D:15)
  3 orc high priests (Orc:2)
  5 deep elf knights
  4 skeletal warriors
  A shadow wraith (Vaults:1)
  A flayed ghost (Vaults:3)
  8 deep trolls
  A deep elf archer (Vaults:3)
  2 wizards
  7 unseen horrors
  20 ugly things
  Pikel (D:4)
  18 orc knights
  3 lindwurms
  22 wolf spiders
  8 ironbrand convokers
  A frost giant zombie (Vaults:2)
  18 orb spiders
  2 oklob plants (Lair:3)
  3 necromancers
  3 moths of wrath
  8 orc sorcerers
  7 deep elf magi
  A salamander (shapeshifter) (Vaults:2)
  6 manticores
  2 human zombies
  7 cyclopes
  A fire giant skeleton (Vaults:2)
  A water nymph (shapeshifter) (Vaults:1)
  A frost giant skeleton (D:15)
  19 elephants
  Psyche (D:9)
  6 black mambas
  Maurice (D:10)
  5 vault sentinels
  2 gargoyles
  13 spiny frogs
  3 centaur skeletons
  10 yaktaurs
  An efreet (D:14)
  6 rime drakes
  A kobold demonologist (D:15)
  A redback zombie (D:15)
  5 komodo dragons
  10 demonic crawlers
  6 freezing wraiths
  A queen bee (Lair:4)
  A human skeleton (Vaults:3)
  4 meliai
  27 jumping spiders
  A jumping spider (shapeshifter) (Vaults:1)
  11 trolls
  10 polar bears (Lair:6)
  9 hornets
  A tengu simulacrum (Vaults:3)
  Grinder (D:6)
  26 slime creatures
  A raiju (Lair:6)
  8 blink frogs
  A harpy skeleton (D:15)
  10 hippogriffs
  8 dream sheep
  A spriggan zombie (D:15)
  An elf skeleton (D:15)
  Sigmund (D:7)
  63 redbacks
  An ettin skeleton (Vaults:3)
  29 tarantellas
  A shadow (D:13)
  28 yaks
  A spriggan (Lair:5)
  The ghost of JOKERXD40 the Chopper, an amateur HOFi (D:4)
  2 wyverns
  A wraith (D:15)
  7 basilisks
  A vampire mosquito (D:14)
  4 hungry ghosts
  2 steam dragons
  A soldier ant (D:12)
  14 wargs
  3 acid dragons
  16 hell hounds
  12 porcupines
  11 water moccasins
  54 orc warriors
  An ice beast (shapeshifter) (D:15)
  8 sky beasts
  12 black bears
  8 ice beasts
  3 phantoms
  28 ogres
  An orc zombie (Vaults:2)
  A sky beast (shapeshifter) (Vaults:1)
  A necrophage (D:9)
  3 eyes of draining
  23 wolves
  4 boggarts (Vaults:1)
  12 crocodiles
  18 centaurs
  A big kobold (D:10)
  13 bullfrogs
  7 scorpions
  A human simulacrum (Vaults:3)
  48 killer bees
  6 howler monkeys
  3 electric eels (Lair:4)
  10 wights
  4 bullfrog zombies
  8 crimson imps
  6 jellies
  3 centaur zombies
  8 hounds
  29 orc priests
  29 orc wizards
  A bullfrog skeleton (D:5)
  Jessica (D:3)
  A gnoll shaman (D:8)
  An iguana (D:10)
  A hell rat (Lair:4)
  12 worker ants
  A hound skeleton (D:7)
  Robin (D:4)
  11 gnolls
  19 adders
  3 river rats (Sewer)
  4 shadow imps
  An ooze (D:2)
  An adder skeleton (D:5)
  4 worms
  A dart slug (D:1)
  8 leopard geckos
  92 orcs
  4 ball pythons
  11 giant cockroaches
  10 goblins
  7 hobgoblins
  8 jackals
  5 quokkas
  4 bats
  9 frilled lizards
  A jackal zombie (D:7)
  6 kobolds
  A quokka skeleton (D:8)
  A quokka zombie (D:9)
  19 rats
  3 plants
1299 creatures vanquished.

Vanquished Creatures (others)
  The ghost of KrisztiCat the Tortoise, a journeyman MiBe of Trog (Lair:2)
  An emperor scorpion (Spider:2)
  8 hydras
  A vault guard (D:13)
  An ice dragon (Vaults:2)
  A centaur warrior (Vaults:2)
  A deep troll (Vaults:2)
  A deep elf archer (Vaults:1)
  An orb spider (Spider:3)
  A manticore (Lair:6)
  A cyclops (Vaults:1)
  A wolf spider (Spider:4)
  An elephant (Lair:5)
  7 yaktaurs
  A komodo dragon (Lair:5)
  2 meliai
  2 slime creatures (D:12)
  A dream sheep (Lair:6)
  4 humans
  A yak (D:14)
  A hungry ghost (D:7)
  2 hell hounds (Lair:6)
  An orc warrior (Orc:1)
  2 bullfrogs
  2 killer bees (Lair:4)
  An orc priest (Orc:2)
  An orc wizard (Orc:2)
  71 fungi
  46 plants
165 creatures vanquished.

Grand Total: 1464 creatures vanquished

Notes
Turn   | Place    | Note
-------+----------+-------------------------------------------
     0 | Abyss:1  | Gargoyl the Centaur Abyssal Knight began the quest for the Orb.
     0 | Abyss:1  | Reached XP level 1. HP: 19/19 MP: 2/2
     9 | Abyss:2  | Found a corrupted altar of Lugonu.
    23 | Abyss:2  | Identified a scroll of acquirement
    25 | Abyss:2  | Found the +10 Black Knight's horse barding {ponderous, rPois rN+}
    29 | Abyss:2  | Noticed a smoke demon
    29 | D:1      | Escaped the Abyss
    55 | D:1      | Reached * piety under Lugonu
   212 | D:1      | Reached XP level 2. HP: 26/26 MP: 3/3
   355 | D:1      | Reached XP level 3. HP: 31/31 MP: 4/4
   366 | D:1      | Reached skill level 1 in Dodging
   375 | D:1      | Reached ** piety under Lugonu
  1117 | D:2      | Found an opulent altar of Gozag.
  1317 | D:2      | Reached XP level 4. HP: 35/40 MP: 5/5
  1650 | D:3      | Found a glowing drain.
  1660 | Sewer    | Entered a sewer
  2104 | D:3      | Noticed Jessica
  2122 | D:3      | Killed Jessica
  2122 | D:3      | Reached XP level 5. HP: 38/46 MP: 6/6
  2386 | D:3      | Found a bloodstained altar of Trog.
  2559 | D:3      | Reached *** piety under Lugonu
  2946 | D:4      | Noticed JOKERXD40's ghost (amateur HOFi)
  2960 | D:4      | HP: 2/46 [JOKERXD40's ghost (3)]
  3317 | D:4      | Killed JOKERXD40's ghost
  3317 | D:4      | Reached XP level 6. HP: 39/53 MP: 7/7
  3485 | D:4      | Noticed Robin
  3495 | D:4      | Killed Robin
  3552 | D:4      | Noticed a slave
  3552 | D:4      | Noticed a slave
  3553 | D:4      | Noticed Pikel
  3554 | D:4      | Noticed a slave
  3557 | D:4      | Noticed a slave
  3625 | D:4      | Killed Pikel
  3625 | D:4      | Reached skill level 5 in Axes
  3625 | D:4      | Reached XP level 7. HP: 22/60 MP: 8/8
  4555 | D:5      | Entered Level 5 of the Dungeon
  4595 | D:5      | Reached XP level 8. HP: 63/67 MP: 9/9
  4615 | D:5      | Reached skill level 5 in Fighting
  4671 | D:5      | Noticed Sigmund
  4866 | D:5      | Reached **** piety under Lugonu
  4929 | D:5      | Noticed a two-headed ogre
  5498 | D:5      | You fall through a shaft for 2 floors!
  5656 | D:7      | Reached skill level 3 in Invocations
  5968 | D:7      | Got a bloodstained long sword
  5969 | D:7      | Identified the +9 long sword "Sielofir" {venom, +Inv} (You found it on level 7 of the Dungeon)
  6015 | D:7      | Reached XP level 9. HP: 70/74 MP: 11/11
  6023 | D:6      | Found Nuubluedgh's Jewellery Boutique.
  6081 | D:6      | Bought a +2 ring of strength for 90 gold pieces
  6545 | D:5      | Noticed a rust devil
  6545 | D:5      | Noticed a rust devil
  6556 | D:6      | Noticed Grinder
  6558 | D:6      | Reached skill level 1 in Long Blades
  6820 | D:6      | Paralysed by Grinder for 7 turns
  6832 | D:6      | Reached skill level 4 in Invocations
  6835 | D:6      | Paralysed by Grinder for 4 turns
  6841 | D:6      | Killed Grinder
  6867 | D:6      | Reached skill level 5 in Armour
  6894 | D:6      | Found a hazy altar of Hepliaklqana.
  7081 | D:6      | Found a white marble altar of Elyvilon.
  7130 | D:7      | Killed Sigmund
  7250 | D:7      | Found a burning altar of Makhleb.
  7253 | D:7      | Found a glowing silver altar of Zin.
  7256 | D:7      | Found a stormy altar of Qazlal.
  7909 | D:7      | Found a staircase to the Ecumenical Temple.
  8208 | D:8      | Reached ***** piety under Lugonu
  8305 | D:8      | Found a basalt altar of Yredelemnul.
  8309 | D:8      | Found a glowing golden altar of the Shining One.
  8311 | D:8      | Noticed an angel
  8319 | D:8      | Noticed a profane servitor
  8407 | D:8      | Reached XP level 10. HP: 79/83 MP: 13/13
  8692 | D:9      | Reached skill level 5 in Invocations
  8743 | D:9      | Noticed Psyche
  8751 | D:9      | Killed Psyche
  8905 | D:9      | Got a brightly glowing ring mail
  8926 | D:9      | Identified the +1 ring mail "Imnir" {+Inv MR+++ Int+4 Stlth-} (You found it on level 9 of the Dungeon)
  8989 | D:9      | Found a sparkling altar of Nemelex Xobeh.
  9020 | D:9      | Reached skill level 5 in Long Blades
  9048 | D:10     | Entered Level 10 of the Dungeon
  9677 | D:9      | Found a staircase to the Lair.
  9858 | D:9      | Found a staircase to the Orcish Mines.
  9974 | D:9      | Found Tymap's Book Shop.
 10028 | D:9      | Noticed Erolcha
 10040 | D:9      | Killed Erolcha
 10040 | D:9      | Reached skill level 6 in Invocations
 10284 | D:10     | Reached XP level 11. HP: 33/91 MP: 15/15
 10625 | D:10     | Noticed Maurice
 10636 | D:10     | Killed Maurice
 10659 | D:10     | Noticed a two-headed ogre
 10669 | D:10     | Killed a two-headed ogre
 10854 | D:10     | Noticed a two-headed ogre
 10860 | D:10     | Killed a two-headed ogre
 11022 | D:10     | Noticed a two-headed ogre
 11031 | D:10     | Killed a two-headed ogre
 11031 | D:10     | Reached skill level 7 in Invocations
 11858 | Lair:1   | Entered Level 1 of the Lair of Beasts
 11861 | Lair:1   | Reached skill level 1 in Evocations
 11878 | Lair:1   | Reached ****** piety under Lugonu
 12909 | Lair:1   | Noticed a five-headed hydra
 12911 | Lair:1   | Banished a five-headed hydra
 12918 | Lair:1   | Noticed a four-headed hydra
 12921 | Lair:1   | Banished a four-headed hydra
 12921 | Lair:1   | Reached skill level 8 in Invocations
 12921 | Lair:1   | Reached XP level 12. HP: 101/101 MP: 5/18
 13664 | Lair:2   | Noticed KrisztiCat's ghost (journeyman MiBe)
 13727 | Lair:2   | Banished KrisztiCat's ghost
 14084 | Lair:2   | Reached skill level 9 in Invocations
 15478 | Lair:3   | Found a hole to the Spider Nest.
 15566 | Lair:3   | Found a staircase to the Shoals.
 15681 | Lair:3   | Noticed a four-headed hydra
 15691 | Lair:3   | Banished a four-headed hydra
 16024 | Lair:3   | Reached skill level 10 in Invocations
 16389 | Lair:4   | Reached skill level 1 in Shields
 16756 | Lair:5   | HP: 5/102 [rime drake/flash freeze (5)]
 16913 | Lair:4   | Reached skill level 10 in Long Blades
 16916 | Lair:4   | Noticed a five-headed hydra
 16938 | Lair:4   | Banished a five-headed hydra
 17600 | Lair:4   | Reached XP level 13. HP: 76/108 MP: 21/21
 17758 | Lair:4   | Reached skill level 11 in Invocations
 19315 | Lair:4   | Got a pitted graven amulet
 19490 | Lair:5   | Found a staircase to the Slime Pits.
 19852 | Lair:5   | Noticed a dire elephant
 20232 | Lair:5   | Banished a dire elephant
 21931 | Lair:6   | Entered Level 6 of the Lair of Beasts
 23156 | Lair:6   | Noticed a dire elephant
 23181 | Lair:6   | Killed a dire elephant
 23181 | Lair:6   | Reached skill level 12 in Invocations
 23186 | Lair:6   | Reached XP level 14. HP: 50/118 MP: 21/23
 23904 | Lair:6   | Identified the amulet of Jaupyr {Harm *Drain +Inv rElec Int+10 Slay-3} (You found it on level 4 of the Lair of Beasts)
 24080 | Lair:6   | Reached skill level 5 in Dodging
 26080 | Lair:6   | HP: 1/118 [dire elephant (29)]
 28115 | D:11     | Noticed raetorn's ghost (journeyman VSBe)
 28129 | D:11     | Killed raetorn's ghost
 28331 | D:11     | Got a steaming hat
 28342 | D:11     | Identified the +1 hat of Muttered Phrases {rF- rC++ Str+2 Int+4} (You acquired it on level 11 of the Dungeon)
 29240 | D:12     | Found a labyrinth entrance.
 29244 | Lab      | Entered a labyrinth
 30001 | Lab      | Reached skill level 13 in Invocations
 30754 | D:12     | Found a portal to a secret trove of treasure.
 31010 | D:13     | HP: 4/119 [meliai/broad axe (5)]
 31434 | D:13     | Reached skill level 10 in Fighting
 31434 | D:13     | Reached skill level 10 in Armour
 31434 | D:13     | Reached XP level 15. HP: 94/126 MP: 24/24
 31698 | D:13     | Found a gate to the Vaults.
 32099 | D:13     | Noticed KrisztiCat's ghost (journeyman DDFi)
 32123 | D:13     | Killed KrisztiCat's ghost
 32719 | D:14     | Noticed Agnes
 32720 | D:14     | Noticed Kirke
 33129 | D:14     | Noticed a sphinx
 33138 | D:14     | Killed Kirke
 33138 | D:14     | Reached skill level 5 in Shields
 33628 | D:14     | Banished Agnes
 34213 | D:14     | Noticed Jyngge's ghost (journeyman MiFi)
 34238 | D:14     | Killed Jyngge's ghost
 35315 | D:15     | Entered Level 15 of the Dungeon
 36120 | D:15     | Reached skill level 14 in Invocations
 36820 | D:15     | Reached XP level 16. HP: 132/136 MP: 26/26
 36827 | D:15     | Found a staircase to the Depths.
 37820 | D:15     | Found a glowing silver altar of Zin.
 38048 | D:14     | Paralysed by a hornet for 3 turns
 38709 | D:15     | Identified the Compendium of Dark Arts and Displacement
 38822 | Orc:1    | Entered Level 1 of the Orcish Mines
 39332 | Orc:2    | Entered Level 2 of the Orcish Mines
 39332 | Orc:2    | Found Zitutyanyo's Assorted Antiques.
 40281 | Orc:2    | Bought 2 scrolls labeled ROOXTIPNAN for 60 gold pieces
 40281 | Orc:2    | Bought a potion of curing for 90 gold pieces
 41220 | Orc:2    | Found Dajeann's Gadget Boutique.
 41245 | Orc:2    | Found a staircase to the Elven Halls.
 41260 | Orc:2    | Noticed Nessos
 41296 | Orc:2    | Killed Nessos
 41754 | Orc:2    | Found Zyn Jira's Jewellery Boutique.
 41754 | Orc:2    | Found Qoidghado's Weapon Shop.
 41843 | Orc:2    | Found Niotoot's Antique Weapon Shoppe.
 42723 | Orc:2    | Gained mutation: You expend magic power (3 MP) to strengthen your wands. [a neqoxec]
 43442 | Orc:2    | Found Qyma's Weapon Shop.
 43448 | Orc:2    | Found Zoys's Jewellery Shop.
 43450 | Orc:2    | Found Hycuiwn's Antique Armour Shoppe.
 43490 | Orc:2    | Bought a +5 ring of strength for 700 gold pieces
 43530 | Orc:2    | Bought the amulet of Nuegits {RegenMP rC+ Dex+3 SInv} for 763 gold pieces
 43559 | Elf:1    | Entered Level 1 of the Elven Halls
 43868 | Spider:1 | Entered Level 1 of the Spider Nest
 44686 | Spider:1 | Noticed Frances
 44765 | Lair:3   | Killed Frances
 46420 | D:12     | You paid a toll of 2 scrolls of acquirement to enter a treasure trove
 46421 | Trove    | Entered a treasure trove
 46444 | Trove    | Got a warped tin amulet
 46456 | Trove    | Got a scorched centaur barding
 46470 | Trove    | Identified the +7 centaur barding of Oblivion {+Blink} (You found it in a treasure trove)
 46504 | D:12     | Identified the amulet "Wokomil" {Reflect Slay+3 SH+5} (You found it in a treasure trove)
 47501 | Spider:2 | Lost mutation: You expend magic power (3 MP) to strengthen your wands. [potion of mutation]
 47501 | Spider:2 | Gained mutation: You passively map a small area around you. [potion of mutation]
 47501 | Spider:2 | Gained mutation: You can translocate small distances at will. [potion of mutation]
 47501 | Spider:2 | Gained mutation: You are robust. (+10% HP) [potion of mutation]
 48019 | Spider:3 | Reached XP level 17. HP: 71/158 MP: 28/28
 48884 | Spider:4 | Entered Level 4 of the Spider Nest
 48952 | Spider:4 | Reached skill level 15 in Invocations
 49117 | Spider:4 | Noticed Arachne
 49442 | Spider:3 | Killed Arachne
 49954 | Spider:4 | Lost mutation: You can translocate small distances at will. [potion of mutation]
 49954 | Spider:4 | Lost mutation: You are robust. (+10% HP) [potion of mutation]
 49954 | Spider:4 | Gained mutation: You passively map the area around you. [potion of mutation]
 49954 | Spider:4 | Gained mutation: You occasionally shout uncontrollably at your foes. [potion of mutation]
 49954 | Spider:4 | Gained mutation: Your muscles are strong. (Str +2) [potion of mutation]
 52611 | Spider:4 | Got a gossamer rune of Zot
 53244 | Vaults:1 | Entered Level 1 of the Vaults
 54240 | Vaults:1 | Reached XP level 18. HP: 84/154 MP: 29/29
 56749 | Vaults:2 | Reached skill level 16 in Invocations
 58185 | Vaults:2 | Found a staircase to the Crypt.
 58185 | Vaults:2 | Found a basalt altar of Yredelemnul.
 58186 | Vaults:2 | Found an ancient bone altar of Kikubaaqudgha.
 60503 | Vaults:3 | Reached XP level 19. HP: 163/163 MP: 31/31
 61093 | Vaults:3 | Mangled by a yaktaur captain

Skill      XL: |  1  2  3  4  5  6  7  8  9 10 11 12 13 14 15 16 17 18 |
---------------+-------------------------------------------------------+-----
Axes           | 2 3 4 5 6 7 8 9 |  9.2
Dodging        | 1 2 3 4 5 6 7 8 |  8.6
Fighting       | 4 5 6 7 8 9 10 11 12 13 | 13.1
Armour         | 2 3 4 6 7 8 9 10 11 12 | 12.4
Invocations    | 3 4 6 8 10 12 13 14 15 16 | 16.5
Long Blades    | 4 6 9 10 11 12 13 14 | 14.6
Evocations     | 1 |  1.1
Shields        | 1 3 4 5 6 8 9 |  9.9
Stealth        | |  0.3

Action                   |  1- 3 |  4- 6 |  7- 9 | 10-12 | 13-15 | 16-18 | 19-21 || total
-------------------------+-------+-------+-------+-------+-------+-------+-------++-------
Melee: Hand axe          |   114 |   218 |   169 |       |    70 |   371 |       ||   942
       Kick              |    15 |    41 |    92 |   206 |   589 |   882 |    66 ||  1891
       Long sword        |       |       |   167 |   638 |  1469 |  1623 |   145 ||  4042
Throw: Javelin           |       |       |       |       |     2 |     1 |       ||     3
Invok: Depart the Abyss  |     1 |       |       |       |       |       |       ||     1
       Banish            |       |       |     1 |    18 |    27 |     3 |       ||    49
       Bend Space        |       |       |     1 |     2 |     4 |     3 |       ||    10
 Abil: Evoke Invisibilit |       |       |       |     2 |       |       |       ||     2
Evoke: Wand              |       |       |       |       |     3 |     2 |       ||     5
  Use: Scroll            |     2 |     8 |    21 |    10 |    11 |    18 |       ||    70
       Potion            |       |     5 |       |     6 |     4 |     5 |       ||    20
 Stab: Invisible         |       |       |       |     4 |       |       |       ||     4
       Distracted        |       |       |       |       |       |     1 |       ||     1
  Eat: Chunk             |       |     4 |     7 |    15 |    35 |    34 |     2 ||    97
       Ration            |       |     1 |     2 |     6 |    10 |    11 |       ||    30
Armor: Leather armour    |    90 |    71 |       |       |       |       |       ||   161
       Chain mail        |       |   143 |   338 |    52 |       |       |       ||   533
       Ring mail         |       |       |       |   465 |  1115 |  1026 |    40 ||  2646
Dodge: Dodged            |    52 |    45 |    65 |   214 |   456 |   860 |    44 ||  1736
       Deflected         |       |       |       |       |       |    20 |     3 ||    23
Block: Shield            |       |       |       |   114 |   752 |  1554 |   115 ||  2535
       Reflection        |       |       |       |       |       |    59 |     5 ||    64
       Rpst.: Long sword |       |       |     5 |    62 |    89 |   131 |    13 ||   300
